 Dungeon Crawl Stone Soup version 0.30.1-11-g7821555f0a (webtiles) character file.

Game seed: 3013146995861423031

4386 FinalFate the Geomancer (level 10, 0/52 (53) HPs)
             Began as a Gargoyle Earth Elementalist on Jan 17, 2024.
             Was a Follower of Vehumet.
             Slain by a storm dragon zombie (13 damage)
             ... on level 1 of the Abyss.
             The game lasted 00:39:08 (8997 turns).

FinalFate the Geomancer (GrEE)                      Turns: 8997, Time: 00:39:09

HP:   0/52 (53)     AC: 11    Str: 12    XL:     10   Next: 35%
MP:   4/31          EV: 12    Int: 20    God:    Vehumet [*.....]
Gold: 178           SH:  0    Dex: 10    Spells: 4/25 levels left

rFire   . . .        r - +2 quarterstaff (chaos)
rCold   . . .        (shield currently unavailable)
rNeg    + . .        a - +0 robe
rPois   ∞            (no helmet)
rElec   +            s - +0 cloak
rCorr   .            (no gloves)
SInv    .            E - +0 pair of boots
Will    .....        (no amulet)
Stlth   ++           h - ring of magical power
HPRegen 0.28/turn    y - ring of wizardry
MPRegen 0.22/turn

%: wizardry (x1)
@: very slightly contaminated, lightly drained
A: sickness immunity, AC +7, negative energy resistance 1, electricity
resistance, torment resistance 1, petrification resistance
a: Renounce Religion


You were on level 1 of the Abyss.
You worshipped Vehumet.
Vehumet was aware of your devotion.
You visited 2 branches of the dungeon, and saw 9 of its levels.
You visited the Abyss 1 time.
You also visited: Sewer.

You collected 178 gold pieces.

Inventory:

Hand Weapons
 e - the +0 hammer of Umaleir {spect, Drain rElec rCorr}
   (You found it on level 2 of the Dungeon)

   rElec:     It insulates you from electricity.
   rCorr:     It protects you from acid and corrosion.
   Drain:     It drains your maximum health when unequipped.
 r - a +2 quarterstaff of chaos (weapon)
 t - a +5 hammer
Missiles
 H - a throwing net
Armour
 a - a +0 robe (worn)
 s - a +0 cloak (worn)
 E - a +0 pair of boots (worn)
Jewellery
 h - a ring of magical power (left hand)
 i - a ring of positive energy
 p - a ring of magical power
 y - a ring of wizardry (right hand)
Wands
 q - a wand of digging (7)
 K - a wand of polymorph (5)
Scrolls
 c - a scroll of identify
 g - 4 scrolls of teleportation
 k - 2 scrolls of enchant weapon {unknown}
 m - 4 scrolls of amnesia {unknown}
 o - a scroll of poison {unknown}
 u - a scroll of noise {unknown}
 z - a scroll of butterflies {unknown}
 A - a scroll of blinking {unknown}
 B - 2 scrolls of vulnerability {unknown}
 C - a scroll of fear {unknown}
 F - 3 scrolls of fog {unknown}
 I - 2 scrolls of silence {unknown}
 J - a scroll of brand weapon {unknown}
 L - a scroll of enchant armour {unknown}
Potions
 f - 5 potions of resistance
 j - a potion of berserk rage {unknown}
 l - a potion of degeneration {unknown}
 n - 2 potions of heal wounds {unknown}
 v - 3 potions of might {unknown}
 w - a potion of invisibility {unknown}
 x - a potion of haste {unknown}
 D - 2 potions of brilliance {unknown}
 G - 2 potions of attraction {unknown}


   Skills:
 + Level 1.8 Fighting
 + Level 0.2 Staves
 + Level 2.5 Dodging
 - Level 3.4 Stealth
 * Level 8.2 Spellcasting
 * Level 6.3 Conjurations
 * Level 0.9 Necromancy
 * Level 4.0 Transmutations
 * Level 10.3 Earth Magic


You had 4 spell levels left.
You knew the following spells:

 Your Spells              Type           Power      Damage    Failure   Level
a - Sandblast             Erth           98%        2d20      1%          1
b - Passwall              Tmut/Erth      30%        N/A       1%          2
c - Stone Arrow           Conj/Erth      82%        3d12      1%          3
d - Petrify               Tmut/Erth      37%        N/A       1%          4
e - Kiss of Death         Conj/Necr      88%        2d12      1%          1
f - Death Channel         Necr           6%         N/A       96%         6
g - Dispel Undead         Necr           12%        3d9       22%         4

Your spell library contained the following spells:

 Spells                   Type           Power      Damage    Failure   Level
 Wereblood                Tmut           24%        N/A       1%          2
 Summon Hydra             Summ           4%         N/A       100%        7
 Sublimation of Blood     Necr           Unusable   N/A       N/A         2
 Cigotuvi's Dreadful Rot  Necr/Pois/Air  Unusable   N/A       N/A         2

Dungeon Overview and Level Annotations

Branches:
Dungeon (8/15)             Temple (1/1) D:6           Sewer (visited)
   Lair: D:8-11

Altars:
Ashenzari
Cheibriados
Dithmenos
Elyvilon
Fedhas
Gozag
Kikubaaqudgha
Makhleb
Nemelex Xobeh
Okawaru
Qazlal
Ru
Trog
Uskayaw
Vehumet
Wu Jian
Xom
Yredelemnul
Zin
The Shining One

Shops:
D:3 ?

Annotations:
D:6 4 transporters, Valeaz's ghost, novice GnAE


Innate Abilities, Weirdness & Mutations

You are immune to sickness and miasma.
Your stone body is resilient. (AC +7)
You are immune to poison.
You resist negative energy. (rN+)
You are resistant to electric shocks. (rElec)
You are resistant to unholy torment.
You are immune to petrification.


Message History

The storm dragon zombie closely misses you.
Casting: Dispel Undead (quite dangerous; 22% risk of failure)
Confirm with . or Enter, or press ? or * to list all spells.
The spell is quite dangerous to miscast (22% risk of failure)!
Continue anyway?
Aiming: Dispel Undead (quite dangerous; 22% risk of failure)
Press: ? - help, Shift-Dir - straight line, f/p - storm dragon zombie
Aim: a storm dragon zombie (lightly damaged, 100% to hit)
The storm dragon zombie is dispelled!
The storm dragon zombie bites you but does no damage.
The storm dragon zombie barely misses you.
The storm dragon zombie tramples you.
You hold your ground!
Casting: Dispel Undead (quite dangerous; 22% risk of failure)
Confirm with . or Enter, or press ? or * to list all spells.
The spell is quite dangerous to miscast (22% risk of failure)!
Continue anyway?
Aiming: Dispel Undead (quite dangerous; 22% risk of failure)
Press: ? - help, Shift-Dir - straight line, f/p - storm dragon zombie
Aim: a storm dragon zombie (moderately damaged, 100% to hit)
The storm dragon zombie is dispelled!
The storm dragon zombie misses you. The storm dragon zombie claws you.
The storm dragon zombie misses you.
Casting: Dispel Undead (quite dangerous; 22% risk of failure)
Confirm with . or Enter, or press ? or * to list all spells.
The spell is quite dangerous to miscast (22% risk of failure)!
Continue anyway?
Aiming: Dispel Undead (quite dangerous; 22% risk of failure)
Press: ? - help, Shift-Dir - straight line, f/p - storm dragon zombie
Aim: a storm dragon zombie (moderately damaged, 100% to hit)
The storm dragon zombie is dispelled!!
The storm dragon zombie bites you. The storm dragon zombie claws you.
The storm dragon zombie tramples you.
You hold your ground!
You feel better. The storm dragon zombie bites you.
The storm dragon zombie claws you. The storm dragon zombie tramples you.
* * * LOW HITPOINT WARNING * * *
You hold your ground!
Casting: Dispel Undead (quite dangerous; 22% risk of failure)
Confirm with . or Enter, or press ? or * to list all spells.
The spell is quite dangerous to miscast (22% risk of failure)!
Continue anyway?
Aiming: Dispel Undead (quite dangerous; 22% risk of failure)
Press: ? - help, Shift-Dir - straight line, f/p - storm dragon zombie
Aim: a storm dragon zombie (heavily damaged, 100% to hit)
The storm dragon zombie is dispelled!
The storm dragon zombie bites you!
You die...

### .#
##.#.##
##@Z...#
#.##.#..#
# . ###
.# . . ..
# # . # #
# # . ##
.. . # ##
.


You could see a storm dragon zombie.

Vanquished Creatures
  Psyche (D:8)
  A kobold demonologist (D:8)
  A hornet (D:7)
  Prince Ribbit (D:6)
  A water moccasin (D:7)
  2 sky beasts
  A black bear (D:4)
  An ogre (D:4)
  4 centaurs
  3 phantoms (D:6)
  6 kobold brigands (D:8)
  Blork the orc (D:5)
  4 bullfrogs
  A small abomination (Abyss:1)
  3 wights (D:8)
  9 killer bees (D:8)
  A vampire bat (D:3)
  4 crimson imps (D:3)
  3 hounds
  A gnoll bouda (D:6)
  4 jellies (Sewer)
  2 orc priests
  Crazy Yiuf (D:2)
  7 iguanas
  2 orc wizards (D:4)
  13 gnolls
  4 adders
  2 river rats (Sewer)
  A shadow imp (D:6)
  2 white imps (D:6)
  2 dart slugs (D:2)
  3 fire bats (D:3)
  20 orcs
  2 spectral bats (D:3)
  12 bats
  3 bat skeletons (D:3)
  A bat zombie (D:3)
  9 endoplasms
  7 giant cockroaches
  3 hobgoblins (D:2)
  A jackal (D:2)
  3 quokkas
  9 ball pythons
  A bat simulacrum (D:3)
  5 frilled lizards
  5 goblins
  21 kobolds
  5 rats
199 creatures vanquished.

Notes
Turn   | Place    | Note
-------+----------+-------------------------------------------
     0 | D:1      | FinalFate the Gargoyle Earth Elementalist began the quest
                  | for the Orb.
     0 | D:1      | Reached XP level 1. HP: 10/10 MP: 3/3
   246 | D:1      | Reached skill level 1 in Transmutations
   337 | D:1      | Reached skill level 4 in Earth Magic
   337 | D:1      | Reached XP level 2. HP: 15/15 MP: 3/5
   364 | D:1      | Learned a level 2 spell: Passwall
  1204 | D:2      | Found a runed translucent door.
  1205 | D:2      | Noticed Crazy Yiuf
  1325 | D:2      | Reached XP level 3. HP: 19/19 MP: 6/6
  1395 | D:2      | Reached XP level 4. HP: 24/24 MP: 8/8
  1810 | D:2      | Learned a level 3 spell: Stone Arrow
  1935 | D:2      | Killed Crazy Yiuf
  1936 | D:2      | Reached XP level 5. HP: 17/28 MP: 10/10
  1950 | D:2      | Identified the +0 hammer of Umaleir {spect, Drain rElec
                  | rCorr}
  2073 | D:3      | Found Buampog's Magic Scroll Shop.
  2168 | D:3      | Found an ornate altar of the Wu Jian Council.
  2293 | D:3      | Found a glowing drain.
  2299 | D:3      | Reached skill level 5 in Earth Magic
  2306 | Sewer    | Entered a sewer
  2450 | Sewer    | Found a viscous altar of Jiyva.
  2453 | Sewer    | Reached XP level 6. HP: 32/32 MP: 11/11
  2961 | D:3      | Learned a level 4 spell: Petrify
  3006 | D:3      | Reached skill level 6 in Earth Magic
  3099 | D:3      | Reached skill level 1 in Conjurations
  3104 | D:3      | Reached XP level 7. HP: 35/36 MP: 13/13
  3145 | D:3      | Found a shimmering altar of Xom.
  3155 | D:3      | Reached skill level 7 in Earth Magic
  3282 | D:3      | Found a glowing silver altar of Zin.
  3319 | D:4      | Found a stormy altar of Qazlal.
  3704 | D:4      | Reached skill level 5 in Spellcasting
  4069 | D:4      | Reached XP level 8. HP: 41/41 MP: 8/15
  4220 | D:4      | Identified the +6 hand axe of Zuyppet {flame, rC+ Stlth+}
  4307 | D:5      | Entered Level 5 of the Dungeon
  4556 | D:5      | Noticed Blork the orc
  4560 | D:5      | Killed Blork the orc
  4856 | D:5      | Found a hide-covered altar of Uskayaw.
  4978 | D:5      | Found a sparkling altar of Nemelex Xobeh.
  5187 | D:6      | Reached skill level 8 in Earth Magic
  5403 | D:6      | Found a staircase to the Ecumenical Temple.
  5410 | Temple   | Entered the Ecumenical Temple
  5582 | Temple   | Became a worshipper of Vehumet
  5814 | D:6      | Noticed a shadow
  5818 | D:6      | Noticed a wyvern
  5819 | D:6      | Noticed Valeaz's ghost (novice GnAE)
  5822 | D:6      | Found a transporter.
  5973 | D:6      | Found a transporter.
  6069 | D:6      | Found a transporter.
  6130 | D:6      | Found a transporter.
  6145 | D:6      | Noticed Prince Ribbit
  6154 | D:6      | Killed Prince Ribbit
  6155 | D:6      | Reached XP level 9. HP: 25/45 MP: 0/18
  6327 | D:6      | Found an opulent altar of Gozag.
  6347 | D:6      | Reached skill level 5 in Conjurations
  6399 | D:6      | Reached skill level 9 in Earth Magic
  7190 | D:7      | Noticed a hornet
  7195 | D:7      | Killed a hornet
  8059 | D:8      | Noticed Psyche
  8068 | D:8      | Killed Psyche
  8169 | D:8      | Reached XP level 10. HP: 41/51 MP: 21/21
  8170 | D:8      | Reached * piety under Vehumet
  8170 | D:8      | Offered knowledge of Kiss of Death by Vehumet.
  8171 | D:8      | Reached skill level 1 in Fighting
  8175 | D:8      | Learned a level 1 spell: Kiss of Death
  8182 | D:8      | Learned a level 6 spell: Death Channel
  8187 | D:8      | Learned a level 4 spell: Dispel Undead
  8419 | D:8      | Reached skill level 10 in Earth Magic
  8627 | D:8      | Found an ancient bone altar of Kikubaaqudgha.
  8822 | D:8      | Noticed a kobold demonologist
  8825 | D:8      | Killed a kobold demonologist
  8837 | Abyss:1  | Cast into level 1 of the Abyss (kobold)
  8859 | Abyss:1  | Found a corrupted altar of Lugonu.
  8865 | Abyss:1  | Noticed an Executioner
  8881 | Abyss:1  | Found a corrupted altar of Lugonu.
  8997 | Abyss:1  | Slain by a storm dragon zombie

Illustrated notes

Levels and vault maps discovered:
D:1:      saegor_arrival_simple_e, layout_loops_ring
D:2:      layout_loops_ring, minmay_indecisive_spiral, uniq_crazy_yiuf_cottage
D:3:      layout_loops_ring, zin_statuary, led_xom_imps, lemuel_tele_altar,
          serial_shops, shop, portal_sewer_entry_d, minmay_misc_feat_roman,
          goddamned_bats
D:4:      layout_loops_ring, mainiacjoe_overflow_tiny_flanked,
          nicolae_elevator_lobby_asterisk
D:5:      layout_loops_ring, nemelex_diamond_rough_becter,
          nicolae_uskayaw_murder_on_the_dancefloor, uniq_blork_the_orc
D:6:      gammafunk_cloud_chamber, layout_loops_cross,
          overflow_temple_1_default, temple_green, gammafunk_ghost_arena,
          uniq_prince_ribbit1
D:7:      hellmonk_ruined_rings, layout_cave_pods
D:8:      layout_layer_cave, mainiacjoe_overflow_alcove_1,
          kiku_gazebo_garden_becter, special_room [special_room_kobold],
          uniq_psyche
Temple:   nicolae_temple_hex_pool
Abyss:1:  base:
D:3

Skill      XL: |  1  2  3  4  5  6  7  8  9 10 |
---------------+-------------------------------+-----
Transmutations | 1 2 3 4 |  4.0
Earth Magic    | 4 5 6 7 8 9 10 | 10.3
Spellcasting   | 3 4 5 6 7 8 |  8.2
Dodging        | 2 |  2.5
Conjurations   | 1 2 4 6 |  6.3
Stealth        | 3 |  3.4
Fighting       | 1 |  1.8
Staves         | |  0.2
Necromancy     | |  0.9

Action                     |  1- 3 |  4- 6 |  7- 9 | 10-12 || total
---------------------------+-------+-------+-------+-------++-------
  Melee: Dagger            |       |     1 |       |       ||     1
         Quarterstaff      |       |     1 |     9 |       ||    10
   Cast: Sandblast         |    37 |    88 |    21 |    14 ||   160
         Stone Arrow       |       |     1 |   130 |    31 ||   162
         Petrify           |       |       |     4 |       ||     4
         Dispel Undead     |       |       |       |     5 ||     5
         Passwall          |       |       |       |     1 ||     1
    Use: Scroll            |       |     3 |       |       ||     3
         Potion            |       |       |     2 |     5 ||     7
 Armour: Robe              |     3 |    19 |    29 |    39 ||    90
  Dodge: Dodged            |     5 |    44 |    48 |    77 ||   174
